 Dungeon Crawl Stone Soup version 0.27.0-66-gdc8fb28755 (webtiles) character file.

Game seed: 17082828805374275109

43 ZARRMARR the Ruffian (level 3, 0/33 HPs)
             Began as a Ghoul Monk on Aug 20, 2021.
             Slain by a goblin (6 damage)
             ... led by Robin
             ... on level 2 of the Dungeon.
             The game lasted 00:04:29 (1203 turns).

ZARRMARR the Ruffian (Ghoul Monk)                   Turns: 1203, Time: 00:04:30

Health: 0/33       AC:  2    Str: 15    XL:     3   Next: 58%
Magic:  2/2        EV: 12    Int:  5    God:
Gold:   39         SH:  0    Dex: 11    Spells: 2/2 levels left

rFire    + . .     SeeInvis .     - Unarmed
rCold    + + .     Faith    .   (no shield)
rNeg     + + +     Spirit   .   a - +0 robe
rPois    ∞         Reflect  .   (no helmet)
rElec    .         Harm     .   e - scarf {rC+ rF+}
rCorr    .         Rampage  .   (no gloves)
Will     .....                  (no boots)
Stlth    ++........             (no amulet)
HPRegen  0.00/turn              (no ring)
MPRegen  0.08/turn              (no ring)

@: inhibited regen
A: claws 1, cold resistance 1, negative energy resistance 3, inhibited
regeneration, torment resistance 2
a: no special abilities


You were on level 2 of the Dungeon.
You visited 1 branch of the dungeon, and saw 2 of its levels.

You collected 39 gold pieces.

Inventory:

Armour
 a - a +0 robe (worn)
 e - a scarf of resistance (worn)
Scrolls
 d - a scroll of teleportation {unknown}
 f - a scroll of identify {unknown}
 g - a scroll of enchant armour {unknown}
Potions
 b - a potion of curing
 c - a potion of lignification {unknown}


   Skills:
 + Level 3.7 Fighting
 + Level 3.0 Dodging
 + Level 2.2 Stealth
 + Level 4.2 Unarmed Combat


You had 2 spell levels left.
You didn't know any spells.
Your spell library was empty.

Dungeon Overview and Level Annotations

Branches:
Dungeon (2/15)

Altars:

Shops:
D:2 *(

Annotations:
D:2 Robin


Innate Abilities, Weirdness & Mutations

You thrive by killing the living.
You are immune to poison.
You have sharp fingernails.
Your flesh is cold resistant. (rC+)
You are immune to negative energy. (rN+++)
You do not regenerate when monsters are visible.
You are immune to unholy pain and torment.


Message History

A goblin comes into view. It is wielding a +0 club.
The goblin shouts!
You hear a shout!
The goblin shouts!
The goblin shouts!
You barely miss the goblin. The goblin closely misses you.
You scratch the goblin.
You kill the goblin!
The goblin unwields a +0 dagger.
The goblin wields a +0 hunting sling.
The goblin shoots a stone.
The stone hits you. The hobgoblin hits you. Robin throws the goblin at you!
The goblin hits you but does no damage.
You see here a +0 club.
You closely miss the goblin. The hobgoblin hits you.
The goblin hits you with a +0 dagger. The goblin barely misses you.
You scratch the goblin.
The goblin is severely wounded.
The hobgoblin completely misses you.
Robin roars a battlecry!
The goblins go into a battle-frenzy!
The goblin closely misses you. The goblin barely misses you.
You hear a shout!
You scratch the goblin.
You kill the goblin!
The hobgoblin closely misses you.
A hobgoblin comes into view.
The goblin hits you with a +0 dagger.
Things that are here:
a +0 club; a goblin corpse You barely miss the hobgoblin.
The hobgoblin hits you. Robin throws the goblin at you!
You barely miss the goblin. The goblin hits you with a +0 club.
The hobgoblin hits you.
* * * LOW HITPOINT WARNING * * *
Robin points. "Kill!"
Robin throws the goblin at you!
* * * LOW HITPOINT WARNING * * *
The goblin closely misses you.
The goblin unwields a +0 hunting sling.
The goblin wields a +0 dagger.
The goblin hits you with a +0 dagger.
* * * LOW HITPOINT WARNING * * *
It was a potion of curing.
You feel better. The goblin hits you with a +0 club.
You die...

.#.##.##.....###..#
.#.##..#.∩.#..>...####.#
.#.##.##.....#.#........
.#.##.##.#####..g..###.#
..........# #.#g..#
.#.##.###.# #.#g..#
.#.##.# . #.#)#.#
.#.##.# .####.#g#.#
....... ......g@gg#
>...... ..............#
........ ......∩.......#
######## ###############


You could see Robin, 2 hobgoblins and 4 goblins.

Vanquished Creatures
  A dart slug (D:1)
  A ball python (D:1)
  4 endoplasms
  A giant cockroach (D:1)
  6 goblins
  A hobgoblin (D:1)
  4 jackals (D:1)
  6 kobolds (D:1)
  2 quokkas
  3 bats
  3 frilled lizards (D:1)
  6 rats (D:1)
38 creatures vanquished.

Notes
Turn   | Place    | Note
-------+----------+-------------------------------------------
     0 | D:1      | ZARRMARR the Ghoul Monk began the quest for the Orb.
     0 | D:1      | Reached XP level 1. HP: 19/19 MP: 0/0
   141 | D:1      | Reached XP level 2. HP: 18/26 MP: 1/1
   503 | D:1      | Reached skill level 4 in Unarmed Combat
   503 | D:1      | Reached XP level 3. HP: 27/33 MP: 2/2
  1040 | D:1      | Found a faded altar of an unknown god.
  1175 | D:2      | Found Qeneh's General Store.
  1186 | D:2      | Found Hecwer's Weapon Emporium.
  1187 | D:2      | Noticed Robin
  1202 | D:2      | HP: 1/33 [goblin[Robin] (5)]
  1203 | D:2      | Slain by a goblin

Illustrated notes

Levels and vault maps discovered:
D:1:      nicolae_arrival_memento_mori, layout_basic,
          hellmonk_ecumenical_altar_inner_sanctum, minmay_pentomino_o4
D:2:      layout_loops_ring, serial_shops, nicolae_shop_stone, shop, shop,
          nicolae_shop_behind_doors, shop, uniq_robin

Skill      XL: |  1  2  3 |
---------------+----------+-----
Unarmed Combat | 4 |  4.2
Dodging        | 3 |  3.0
Fighting       | |  3.7
Stealth        | |  2.2

Action                   || total
-------------------------++-------
Melee: Unarmed           ||    96
  Use: Potion            ||     1
 Stab: Sleeping          ||     5
Armor: Robe              ||    21
Dodge: Dodged            ||    63
